 Dungeon Crawl Stone Soup version 0.25-a0-780-g622e69b31f (webtiles) character file.

Game seed: 5166385581014837317, levelgen mode: deterministic

87 kipponium the Gusty (level 4, -4/24 HPs)
             Began as a Tengu Air Elementalist on Apr 14, 2020.
             Was an Initiate of Elyvilon.
             Slain by Natasha (6 damage)
             ... on level 2 of the Dungeon.
             The game lasted 00:08:41 (2185 turns).

kipponium the Gusty (Tengu Air Elementalist)        Turns: 2185, Time: 00:08:41

Health: -4/24      AC:  3    Str:  9    XL:     4   Next: 51%
Magic:  0/9        EV: 12    Int: 16    God:    Elyvilon [......]
Gold:   105        SH:  0    Dex: 14    Spells: 3/9 levels left

rFire    . . .     SeeInvis .   k - +0 mace (venom)
rCold    . . .     Gourm    .   (no shield)
rNeg     . . .     Faith    .   a - +0 robe
rPois    .         Spirit   .   (helmet restricted)
rElec    .         Reflect  .   f - +0 cloak
rCorr    .         Harm     .   (no gloves)
MR       .....                  (boots unavailable)
Stlth    ++........             (no amulet)
HPRegen  0.08/turn              (no ring)
MPRegen  0.11/turn              (no ring)

@: very slightly contaminated, invisible
A: beak, talons 3
a: Renounce Religion


You were on level 2 of the Dungeon.
You worshipped Elyvilon.
Elyvilon was noncommittal.
You were not hungry.

You visited 1 branch of the dungeon, and saw 2 of its levels.

You collected 105 gold pieces.

Inventory:

Hand Weapons
 k - a +0 mace of venom (weapon)
Armour
 a - a +0 robe (worn)
 f - a +0 cloak (worn)
Scrolls
 b - 2 scrolls of blinking
 d - a scroll of remove curse {unknown}
 e - 3 scrolls of magic mapping {unknown}
 h - a scroll of enchant weapon {unknown}
 i - 3 scrolls of amnesia {unknown}
 j - a scroll of teleportation {unknown}
 l - a scroll of identify {unknown}
Comestibles
 c - 5 rations


   Skills:
 - Level 2.1 Dodging
 - Level 2.0 Stealth
 + Level 3.0 Spellcasting
 + Level 2.6 Conjurations
 + Level 5.4 Air Magic


You had 3 spell levels left.
You knew the following spells:

 Your Spells              Type           Power        Failure   Level  Hunger
a - Shock                 Conj/Air       ###.         3%          1    #......
b - Swiftness             Chrm/Air       ##......     10%         2    ##.....
c - Static Discharge      Conj/Air       ###.....     11%         3    ###....

Your spell library contained the following spells:

 Spells                   Type           Power        Failure   Level  Hunger
 Airstrike                Air            ###.......   21%         4    #####..
 Lightning Bolt           Conj/Air       ###.......   69%         5    ######.


Dungeon Overview and Level Annotations

Branches:
Dungeon (2/15)

Altars:
Elyvilon

Annotations:
D:2 Natasha


Innate Abilities, Weirdness & Mutations

You have a beak for a mouth.
You have claws for feet.


Message History

Confirm with . or Enter, or press ? or * to list all spells.
Aiming: Shock (safe; 3% risk of failure)
Press: ? - help, Shift-Dir - straight line, f - crimson imp
Aim: a crimson imp (summoned)
The zap hits the crimson imp.
The crimson imp is heavily wounded.
Something claws you.
* * * LOW HITPOINT WARNING * * *
You feel better.
You hear some strange, mumbled words.
Something tries to affect you, but you resist.
You fade into invisibility!
You hear some strange, mumbled words.
A magic dart appears from out of thin air!
The magic dart hits you!
* * * LOW HITPOINT WARNING * * *
You see here a +0 short sword.
Okay, then.
Something claws you.
You die...

############## #.............
#............. ... #.............
....... #....≈≈≈§≈.... .......
#.§..§.§)..... #.##.##
###..§§..≈..§... ####.....##
#####.'..§≈≈≈§≈≈§≈.. ..........##
#..@..#..§§..≈......
#.#.....#..###)#####....§.§......
#..............# #....§§§≈≈....
#.#.⌠.⌠.#..##### #....§........
#.........## #.........[...
#.#.....#)# #.............
#...._....# ##############
#.#.....#.# #..#
#.........###########..#


There were no monsters in sight!

Vanquished Creatures
  Natasha (D:2)
  3 adders (D:2)
  2 dart slugs (D:1)
  A leopard gecko (D:2)
  2 giant cockroaches (D:1)
  5 goblins
  6 hobgoblins
  2 bats (D:1)
  2 frilled lizards (D:1)
  5 kobolds
  2 rats (D:1)
31 creatures vanquished.

Notes
Turn   | Place    | Note
-------+----------+-------------------------------------------
     0 | D:1      | kipponium the Tengu Air Elementalist began the quest for
                  | the Orb.
     0 | D:1      | Reached XP level 1. HP: 10/10 MP: 4/4
   255 | D:1      | Reached XP level 2. HP: 15/15 MP: 3/6
   893 | D:1      | Learned a level 2 spell: Swiftness
  1215 | D:1      | Reached XP level 3. HP: 19/19 MP: 2/7
  1676 | D:2      | Found a white marble altar of Elyvilon.
  1705 | D:2      | Reached skill level 5 in Air Magic
  1773 | D:2      | Found a faded altar of an unknown god.
  1842 | D:2      | Became a worshipper of Elyvilon the Healer
  1903 | D:2      | Reached XP level 4. HP: 12/24 MP: 0/9
  2114 | D:2      | Noticed Natasha
  2117 | D:2      | Killed Natasha
  2158 | D:2      | Learned a level 3 spell: Static Discharge
  2169 | D:2      | Noticed Natasha
  2185 | D:2      | Slain by Natasha

Levels and vault maps discovered:
D:1:      mrwooster_arrival_arrow, layout_basic, minmay_pentomino_o4
D:2:      layout_loops_ring, marbit_many_paths, elyvilon_altar_5,
          old_standard_altar, chequers_ecumenical_altar_simple_redux,
          kennysheep_generic_room_16, uniq_sigmund, uniq_natasha,
          uniq_crazy_yiuf_cottage

Skill      XL: |  1  2  3  4 |
---------------+-------------+-----
Conjurations   | 2 |  2.6
Air Magic      | 5 |  5.4
Spellcasting   | 3 |  3.0
Dodging        | |  2.1
Stealth        | |  2.0

Action                   |  1- 3 |  4- 6 || total
-------------------------+-------+-------++-------
Melee: Mace              |     7 |       ||     7
       Kick              |     1 |       ||     1
 Cast: Shock             |    72 |    12 ||    84
  Use: Potion            |     1 |     2 ||     3
       Scroll            |     1 |       ||     1
  Eat: Chunk             |     2 |     3 ||     5
Armor: Robe              |     3 |       ||     3
Dodge: Dodged            |    20 |       ||    20

Table legend:
 A = Non-vault XP
 B = Vault XP
 C = Vault XP percentage of total XP
 D = Non-vault monster count
 E = Vault monster count
 F = Vault count percentage of total count
                 A         B        C        D         E       F
            +---------+---------+-------+---------+---------+-------
      Total |      85 |      40 |  32.0 |      26 |       5 |  16.1
            +---------+---------+-------+---------+---------+-------
        D:1 |      35 |       4 |  10.3 |      18 |       3 |  14.3
        D:2 |      50 |      36 |  41.9 |       8 |       2 |  20.0
            +---------+---------+-------+---------+---------+-------
